 Dungeon Crawl Stone Soup version 0.23.0 (webtiles) character file.

Game seed: 3303377600669966773

8002 Freyura the Basher (level 11, -2/87 HPs)
             Began as a Formicid Fighter on Feb 11, 2019.
             Was a High Priest of the Shining One.
             Slain by a rust devil (6 damage)
             ... on level 10 of the Dungeon.
             The game lasted 00:31:32 (7356 turns).

Freyura the Basher (Formicid Fighter)               Turns: 7356, Time: 00:31:33

Health: -2/87      AC: -10   Str: 28    XL:     11   Next: 47%
Magic:  16/16      EV: 10    Int:  7    God:    the Shining One [*****.]
Gold:   756        SH: 13    Dex: 16    Spells: 10/10 levels left

rFire    . . .     SeeInvis +   q - +0 flail (holy)
rCold    . . .     Gourm    .   c - +0 shield
rNeg     + + .     Faith    .   h - +1 ring mail of the Hanged Man {Dex+3 Stlth+}
rPois    .         Spirit   .   (helmet unavailable)
rElec    .         Reflect  .   s - +0 cloak
rCorr    .         Harm     .   n - +0 pair of gloves
MR       +....                  o - +1 pair of boots
Stlth    +.........             y - amulet of regeneration
HPRegen  0.64/turn              m - +3 ring of strength
MPRegen  0.15/turn              r - +3 ring of strength

@: corroded, glowing
A: permanent stasis, dig shafts and tunnels, four strong arms, antennae 3
a: Dig, Shaft Self, Divine Shield, Cleansing Flame, Summon Divine Warrior,
Renounce Religion


You were on level 10 of the Dungeon.
You worshipped the Shining One.
The Shining One was extremely pleased with you.
You were not hungry.

You visited 2 branches of the dungeon, and saw 12 of its levels.
You also visited: Ossuary.

You collected 770 gold pieces.
You donated 14 gold pieces to Zin.

Inventory:

Hand Weapons
 p - a +1 mace of venom
 q - a +0 flail of holy wrath (weapon)
 x - a +1 morningstar
Armour
 a - a +0 chain mail
 c - a +0 shield (worn)
 h - the +1 ring mail of the Hanged Man (worn) {Dex+3 Stlth+}
   (You found it on level 4 of the Dungeon)

   It affects your dexterity (+3).
   It makes you more stealthy.
 n - a +0 pair of gloves (worn)
 o - a +1 pair of boots (worn)
 s - a +0 cloak (worn)
Jewellery
 g - an uncursed amulet of magic regeneration
 m - a +3 ring of strength (left hand)
 r - a +3 ring of strength (right hand)
 y - an amulet of regeneration (around neck)
 D - an uncursed ring of protection from fire
 F - an uncursed ring of magical power
 H - an uncursed ring of fire
Wands
 G - a wand of acid (13)
 J - a wand of paralysis (6)
Scrolls
 e - a scroll of identify
 i - 6 scrolls of remove curse
 j - a scroll of fear
 t - 2 scrolls of magic mapping
Potions
 d - 3 potions of might
 l - 5 potions of flight
 u - 4 potions of curing
 v - a potion of ambrosia
 w - 5 potions of agility
 A - a potion of haste {unknown}
 B - a potion of berserk rage {unknown}
 C - a potion of cancellation {unknown}
 E - a potion of resistance
 I - a potion of experience {unknown}
Comestibles
 f - 18 rations


   Skills:
 + Level 8.6 Fighting
 * Level 10.2 Maces & Flails
 + Level 8.5 Armour
 + Level 9.3 Shields
 + Level 7.3 Invocations


You had 10 spell levels left.
You didn't know any spells.
Your spell library contained the following spells:

 Spells                   Type           Power        Failure   Level  Hunger
 Animate Skeleton         Necr           N/A          54%         1    ##.....
 Apportation              Tloc           #.....       54%         1    ##.....
 Beastly Appendage        Tmut           #.....       54%         1    ##.....
 Confusing Touch          Hex            #.....       54%         1    ##.....
 Magic Dart               Conj           #...         54%         1    ##.....
 Summon Small Mammal      Summ           #...         54%         1    ##.....
 Call Imp                 Summ           #.......     67%         2    ###....
 Slow                     Hex            #.......     67%         2    ###....
 Sticks to Snakes         Tmut           #.......     67%         2    ###....
 Confuse                  Hex            #.......     88%         3    ####...
 Conjure Flame            Conj/Fire      #.......     88%         3    ####...
 Gell's Gravitas          Tloc           #.........   88%         3    ####...
 Mephitic Cloud           Conj/Pois/Air  #.......     88%         3    ####...
 Spider Form              Tmut/Pois      #.........   88%         3    ####...
 Ice Form                 Ice/Tmut       #.......     99%         4    #####..
 Petrify                  Tmut/Erth      #.......     99%         4    #####..
 Blade Hands              Tmut           #.........   100%        5    ######.
 Metabolic Englaciation   Hex/Ice        #.........   100%        5    ######.
 Yara's Violent Unravell  Hex/Tmut       #.........   100%        5    ######.
 Blink                    Tloc           Unusable     N/A         2    N/A

Dungeon Overview and Level Annotations

Branches:
Dungeon (11/15)            Temple (1/1) D:4            Lair (0/6) D:9
    Orc (0/2) D:10

Altars:
Kikubaaqudgha
Qazlal
Sif Muna
Trog
Uskayaw
Wu Jian
Yredelemnul
Zin
The Shining One
Beogh

Shops:
D:4 %


Innate Abilities, Weirdness & Mutations

You cannot be hasted, slowed, berserked, paralysed or teleported.
You can dig through walls and to a lower floor.
Your four strong arms can wield two-handed weapons with a shield.
You have a pair of large antennae on your head. (SInv)


Message History

You block the orc warrior's attack. The rust devil barely misses you.
You barely miss the rust devil. You block the orc warrior's attack.
The rust devil hits you.
* * * LOW HITPOINT WARNING * * *
The rust devil corrodes you!
You hit the rust devil but do no damage.
The orc warrior barely misses you.
You hit the rust devil but do no damage.
The rust devil hits you!
* * * LOW HITPOINT WARNING * * *
The rust devil corrodes you!
You hit the rust devil but do no damage.
The orc warrior hits you with a +0 war axe!
The Shining One protects you from harm! You block the rust devil's attack.
You hit the rust devil but do no damage.
The rust devil barely misses you. You block the orc warrior's attack.
You hit the rust devil but do no damage.
The rust devil hits you.
You die...

.# #.# #.######## .#
#####.####..†.....# .#
###..........###..>.#
.########...###...##.#
#..(.# ..........###
###..#.# #....#
###......##)#+#)##.#.#
###### #.##...#♣.....♣#...#
#.##..##......4##..#
#.###.#∩...8.)@>#..# #.#
#.##.....o.##..# #.#
#..#♣.....♣#...############
#.#
##.##)#+#)##...............
#.# #..###
###..############## #.#
##...###...####...## #
#.#######...........###.##
# #............#####.##
##.## # ###########<## #.##
##.### #


You could see a rust devil and an orc warrior.

Vanquished Creatures
  A tengu warrior (D:10)
  An unseen horror (D:10)
  A rust devil (D:10)
  4 trolls
  2 hippogriffs
  A shadow (D:9)
  A wraith (Ossuary)
  A vampire (D:10)
  Grum (D:10)
  4 wargs (D:10)
  2 porcupines (D:9)
  3 ice beasts
  4 orc warriors
  4 ogres
  2 phantoms
  4 wolves (D:10)
  A centaur (D:6)
  2 big kobolds
  4 bullfrogs
  3 scorpions
  6 killer bees (D:7)
  4 wights (D:11)
  3 howler monkeys
  A centaur zombie (D:5)
  4 crimson imps
  A quasit (D:6)
  5 orc priests
  A jelly (D:7)
  A gnoll shaman (D:5)
  9 hounds
  8 orc wizards
  8 worker ants
  A killer bee zombie (D:5)
  A hound skeleton (D:7)
  A mummy (Ossuary)
  3 gnolls (D:5)
  7 adders
  A shadow imp (D:6)
  2 adder skeletons
  2 worms
  3 dart slugs
  6 leopard geckos
  37 orcs
  7 bats
  5 giant cockroaches
  6 goblins
  3 hobgoblins
  9 jackals
  A ball python (D:1)
  4 frilled lizards
  7 gnoll skeletons (Ossuary)
  11 kobolds
  3 kobold skeletons (Ossuary)
  A leopard gecko skeleton (D:7)
  15 orc skeletons (Ossuary)
  3 rats
236 creatures vanquished.

Notes
Turn   | Place    | Note
-------+----------+-------------------------------------------
     0 | D:1      | Freyura the Formicid Fighter began the quest for the Orb.
     0 | D:1      | Reached XP level 1. HP: 18/18 MP: 1/1
   185 | D:1      | Reached XP level 2. HP: 20/24 MP: 2/2
   416 | D:1      | Reached XP level 3. HP: 26/29 MP: 3/3
   979 | D:2      | Reached XP level 4. HP: 37/37 MP: 4/4
  1409 | D:3      | Reached XP level 5. HP: 36/42 MP: 5/5
  1413 | D:3      | Found a glowing silver altar of Zin.
  1414 | D:3      | Found a bloodstained altar of Trog.
  1415 | D:3      | Found a hide-covered altar of Uskayaw.
  1415 | D:3      | Found an ornate altar of the Wu Jian Council.
  1419 | D:3      | Became a worshipper of Zin the Law-Giver
  1419 | D:3      | Reached * piety under Zin
  1621 | D:3      | Reached skill level 3 in Maces & Flails
  1693 | D:3      | Found a stormy altar of Qazlal.
  1781 | D:4      | Found a staircase to the Ecumenical Temple.
  1788 | Temple   | Entered the Ecumenical Temple
  1795 | Temple   | Fell from the grace of Zin
  1795 | Temple   | Became a worshipper of the Shining One
  1942 | D:4      | Reached XP level 6. HP: 40/49 MP: 6/6
  2062 | D:4      | Found a roughly hewn altar of Beogh.
  2073 | D:4      | Reached skill level 4 in Maces & Flails
  2073 | D:4      | Reached skill level 5 in Shields
  2114 | D:4      | Noticed a phantom
  2142 | D:4      | Killed a phantom
  2142 | D:4      | Reached XP level 7. HP: 51/55 MP: 7/7
  2144 | D:4      | Found Suptuta's Food Shop.
  2152 | D:4      | Got a fine ring mail
  2192 | D:4      | Identified the +1 ring mail of the Hanged Man {Dex+3
                  | Stlth+} (You found it on level 4 of the Dungeon)
  2235 | D:4      | Found a sand-covered staircase.
  2245 | Ossuary  | Entered an ossuary
  2245 | Ossuary  | Noticed a wraith
  2245 | Ossuary  | Noticed a wraith
  2245 | Ossuary  | Noticed a wraith
  2248 | Ossuary  | Reached * piety under the Shining One
  2297 | Ossuary  | Noticed a wraith
  2317 | Ossuary  | Killed a wraith
  2317 | Ossuary  | Reached skill level 5 in Fighting
  2317 | Ossuary  | Reached skill level 5 in Armour
  2370 | Ossuary  | Reached ** piety under the Shining One
  2745 | D:5      | Entered Level 5 of the Dungeon
  2784 | D:5      | Reached *** piety under the Shining One
  2785 | D:5      | Reached skill level 5 in Maces & Flails
  2820 | D:5      | Reached XP level 8. HP: 39/62 MP: 8/8
  2824 | D:5      | Reached skill level 1 in Invocations
  3272 | D:5      | Found an ancient bone altar of Kikubaaqudgha.
  3281 | D:5      | Found a bloodstained altar of Trog.
  3475 | D:6      | Reached skill level 6 in Maces & Flails
  4106 | D:6      | Reached XP level 9. HP: 69/69 MP: 11/11
  4428 | D:7      | Found a deep blue altar of Sif Muna.
  4484 | D:7      | Noticed a hippogriff
  4491 | D:7      | Killed a hippogriff
  4491 | D:7      | Reached skill level 7 in Maces & Flails
  4511 | D:7      | Reached **** piety under the Shining One
  5458 | D:9      | Reached XP level 10. HP: 77/77 MP: 13/13
  5465 | D:9      | Reached skill level 8 in Maces & Flails
  5487 | D:9      | Found a staircase to the Lair.
  5488 | D:9      | Identified the cursed +3 trident "Gazal" {protect, rPois
                  | rC+}
  5503 | D:9      | Reached skill level 5 in Invocations
  6316 | D:10     | Entered Level 10 of the Dungeon
  6316 | D:10     | Noticed Grum
  6337 | D:10     | Killed Grum
  6337 | D:10     | Reached skill level 9 in Maces & Flails
  6499 | D:10     | Noticed an unseen horror
  6509 | D:10     | Killed an unseen horror
  6547 | D:10     | Found a staircase to the Orcish Mines.
  6556 | D:10     | Reached XP level 11. HP: 70/86 MP: 15/15
  6592 | D:10     | Noticed a tengu warrior
  6605 | D:10     | Killed a tengu warrior
  6819 | D:10     | Reached skill level 10 in Maces & Flails
  7306 | D:11     | Reached ***** piety under the Shining One
  7344 | D:10     | HP: 3/87 [orc warrior/+0 war axe (26)]
  7353 | D:10     | HP: 3/87 [rust devil (11)]
  7354 | D:10     | The Shining One protects you from harm!
  7356 | D:10     | Slain by a rust devil

Skill      XL: |  1  2  3  4  5  6  7  8  9 10 11 |
---------------+----------------------------------+-----
Shields        | 4 5 6 7 8 9 |  9.3
Fighting       | 4 5 6 8 |  8.6
Armour         | 4 5 6 7 8 |  8.5
Maces & Flails | 3 4 5 6 7 9 10 | 10.2
Invocations    | 3 4 6 7 |  7.3

Action                   |  1- 3 |  4- 6 |  7- 9 | 10-12 || total
-------------------------+-------+-------+-------+-------++-------
Melee: Flail             |   158 |    59 |       |    40 ||   257
       Mace              |       |    68 |   329 |       ||   397
       Morningstar       |       |       |    16 |   221 ||   237
  Use: Scroll            |     1 |     3 |    15 |     3 ||    22
       Potion            |       |     2 |     1 |     1 ||     4
  Eat: Ration            |     2 |       |     2 |     2 ||     6
       Chunk             |       |       |     2 |       ||     2
Armor: Scale mail        |    83 |    58 |       |       ||   141
       Ring mail         |       |       |   152 |    70 ||   222
Dodge: Dodged            |    74 |    45 |   132 |    93 ||   344
Block: Shield            |    87 |    59 |   225 |   169 ||   540
